 Dungeon Crawl Stone Soup version 0.29.1-15-g9cfb28693d (webtiles) character file.

Game seed: 939049049544552242

12339 Gumption the Severer (level 11, -4/102 HPs)
             Began as a Minotaur Berserker on Mar 22, 2023.
             Was a High Priest of Trog.
             Slain by Sonja
             ... wielding a +0 short sword of distortion
              (5 damage)
             ... on level 11 of the Dungeon.
             The game lasted 01:25:17 (13200 turns).

Gumption the Severer (Minotaur Berserker)          Turns: 13200, Time: 01:25:18

Health: -4/102     AC: 23    Str: 24    XL:     11   Next: 61%
Magic:  3/3        EV:  6    Int:  6    God:    Trog [*****.]
Gold:   657        SH:  9    Dex: 10    Spells: 10/10 levels left

rFire   + + .      SeeInvis .   a - +3 broad axe (antimagic)
rCold   + . .      Faith    .   K - +0 kite shield
rNeg    . . .      Spirit   .   G - +0 plate armour
rPois   .          Reflect  .   (helmet restricted)
rElec   .          Harm     .   s - scarf {rC+ rF+}
rCorr   .          Rampage  .   z - +2 pair of gloves
Will    .....                   e - +0 pair of boots
Stlth   ..........              I - amulet of the acrobat
HPRegen 0.27/turn               h - +4 ring of protection
MPRegen 0.08/turn               c - ring of protection from fire

@: slowed, very slow
A: horns 2, retaliatory headbutt
a: Renounce Religion, Berserk, Trog's Hand, Brothers in Arms


You were on level 11 of the Dungeon.
You worshipped Trog.
Trog was extremely pleased with you.
You visited 1 branch of the dungeon, and saw 11 of its levels.
You also visited: Sewer.

You collected 657 gold pieces.

Inventory:

Hand Weapons
 a - a +3 antimagic broad axe (weapon)
 b - the +5 sling of Symmetry {flame, Stlth+}
   (You found it on level 10 of the Dungeon)

   Any ammunition fired from it burns those it strikes, dealing additional fire
   damage.
   Stlth:     It makes you more stealthy.
 w - a +1 vorpal trident
Missiles
 k - a silver javelin (quivered)
Armour
 e - a +0 pair of boots (worn)
 s - a scarf of resistance (worn)
 y - a +2 leather armour of poison resistance
 z - a +2 pair of gloves (worn)
 G - a +0 plate armour (worn)
 K - a +0 kite shield (worn)
Jewellery
 c - a ring of protection from fire (right hand)
 h - a +4 ring of protection (left hand)
 n - a ring of see invisible
 x - a ring of positive energy
 I - an amulet of the acrobat (around neck)
Wands
 f - a wand of charming (5)
 u - a wand of polymorph (14)
 C - a wand of mindburst (4)
 E - a wand of flame (21)
Scrolls
 d - 5 scrolls of fog
 l - a scroll of blinking
 m - 2 scrolls of teleportation
 r - a scroll of identify
 t - a scroll of enchant weapon {unknown}
 A - 2 scrolls of summoning
 B - 2 scrolls of fear
 F - a scroll of enchant armour {unknown}
 H - a scroll of magic mapping {unknown}
Potions
 g - 4 potions of curing
 i - a potion of resistance
 j - 2 potions of flight
 o - 2 potions of lignification
 p - 2 potions of cancellation
 q - 2 potions of might
 v - a potion of ambrosia
 D - 3 potions of mutation
 J - 5 potions of heal wounds


   Skills:
 + Level 11.1 Fighting
 * Level 15.1 Axes
 + Level 10.9 Armour
 - Level 2.1 Dodging
 + Level 7.4 Shields


You had 10 spell levels left.
You didn't know any spells.
Your spell library was empty.

Dungeon Overview and Level Annotations

Branches:
Dungeon (11/15)            Temple (0/1) D:4            Lair (0/5) D:8
  Sewer (visited)
    Orc: D:9-12

Altars:
Ashenzari
Cheibriados
Elyvilon
Gozag
Hepliaklqana
Kikubaaqudgha
Okawaru
Qazlal
Ru
Uskayaw
Vehumet
Wu Jian
Zin

Portals:
Trove: D:10 (give +3 storm dragon scales)

Annotations:
D:11 2 runed translucent doors, Sonja


Innate Abilities, Weirdness & Mutations

You have a pair of horns on your head.
You reflexively headbutt those who attack you in melee.


Message History

You are poisoned.
You have difficulty breathing.
You feel yourself slow down.
You feel very sick.
Sonja throws a curare-tipped dart.
The curare-tipped dart completely misses you.
Sonja says, "If only old Madame Brzewit could see me now!"
Sonja gestures wildly while chanting.
Sonja blinks!
You feel very sick.
You feel sick. You block Sonja's attack. Sonja barely misses you.
Sonja closely misses you. You block Sonja's attack.
Sonja hits you but does no damage.
You blink.
You feel sick.
Sonja plants her feet in a plie.
You completely miss Sonja. Your headbutt misses Sonja.
Sonja is heavily wounded.
You feel sick.
Sonja hits you with a +0 short sword of distortion.
Space warps horribly around you! You block Sonja's attack.
Sonja hits you but does no damage. Space warps horribly around you!
Sonja hits you but does no damage.
You blink.
You feel sick. You block Sonja's attack. Sonja barely misses you.
Sonja hits you but does no damage. Space warps horribly around you!
Sonja hits you but does no damage. Space warps around you.
* * * LOW HITPOINT WARNING * * *
Sonja misses you. Sonja hits you but does no damage.
Space warps horribly around you.
* * * LOW HITPOINT WARNING * * *
You miss Sonja.
Sonja is heavily wounded.
You feel sick.
You are no longer poisoned.
Sonja hits you but does no damage. Space warps horribly around you!!
* * * LOW HITPOINT WARNING * * *
You block Sonja's attack. Sonja hits you but does no damage.
Space warps around you.
* * * LOW HITPOINT WARNING * * *
Sonja says, "If only old Madame Brzewit could see me now!"
Sonja hits you but does no damage. Space warps around you.
You die...

.# ###....>. ...Y. .#
###........ ..... .#
###.......... .Y... .#
####............ .Y.. .#
###..............# ##..
.# ###............#####
.# ###..............#
.#####................#
...............K@.....#
......................#
......................#
........................
.........................
#######................##
#....#######.....# #.####
.....# #.# ...


You could see Sonja.

Vanquished Creatures
  2 two-headed ogres
  A kobold demonologist (D:11)
  Maggie (D:6)
  6 trolls
  3 hornets
  Prince Ribbit (D:5)
  Sigmund (D:2)
  2 shadows
  2 wyverns (D:7)
  A vampire (D:5)
  6 yaks
  2 humans (D:7)
  2 wraiths
  3 steam dragons
  3 vampire mosquitoes (D:11)
  Edmund (D:4)
  3 wargs (D:8)
  An acid dragon (D:9)
  6 orc warriors
  2 water moccasins
  2 sky beasts
  An ice beast (D:6)
  3 centaurs
  2 phantoms (D:5)
  3 kobold brigands
  9 bullfrogs
  3 gnoll sergeants
  4 scorpions
  3 wights (D:9)
  12 killer bees
  An electric eel (D:6)
  11 howler monkeys
  2 hounds
  7 orc priests
  8 iguanas
  Natasha (twice) (D:2)
  Ijyb (D:4)
  7 orc wizards
  9 gnolls
  10 adders
  A white imp (D:7)
  3 worms
  A dart slug (D:4)
  46 orcs
  3 ball pythons
  14 bats
  7 endoplasms
  14 giant cockroaches
  8 goblins
  9 hobgoblins
  5 jackals
  7 quokkas
  10 frilled lizards
  14 kobolds
  5 rats
296 creatures vanquished.

Vanquished Creatures (others)
  An air elemental (D:11)
  A water elemental (D:11)
  6 fungi (D:4)
  22 plants
30 creatures vanquished.

Grand Total: 326 creatures vanquished

Notes
Turn   | Place    | Note
-------+----------+-------------------------------------------
     0 | D:1      | Gumption the Minotaur Berserker began the quest for the
                  | Orb.
     0 | D:1      | Reached XP level 1. HP: 19/19 MP: 0/0
   119 | D:1      | Reached skill level 4 in Axes
   154 | D:1      | Reached XP level 2. HP: 27/27 MP: 1/1
   522 | D:1      | Reached ** piety under Trog
   591 | D:1      | Noticed a floating eye
   594 | D:1      | Found a faded altar of an unknown god.
   596 | D:1      | Noticed a golden eye
   596 | D:1      | Noticed a golden eye
   596 | D:1      | Noticed a golden eye
   981 | D:2      | Reached XP level 3. HP: 33/33 MP: 2/2
  1048 | D:2      | Noticed Sigmund
  1054 | D:2      | Killed Sigmund
  1055 | D:2      | Reached skill level 5 in Axes
  1055 | D:2      | Reached XP level 4. HP: 41/41 MP: 3/3
  1055 | D:2      | Reached XP level 5. HP: 47/47 MP: 4/4
  1226 | D:2      | Noticed Natasha
  1234 | D:2      | Killed Natasha
  1235 | D:2      | Reached skill level 5 in Fighting
  1235 | D:2      | Reached skill level 6 in Axes
  1487 | D:2      | Reached XP level 6. HP: 56/56 MP: 5/5
  1674 | D:2      | Noticed Natasha
  1682 | D:2      | Killed Natasha
  2225 | D:3      | Found an opulent altar of Gozag.
  2329 | D:3      | Found a radiant altar of Vehumet.
  2512 | D:3      | Found a stormy altar of Qazlal.
  2968 | D:4      | Noticed Edmund
  2989 | D:4      | Killed Edmund
  2990 | D:4      | Reached skill level 7 in Axes
  3238 | D:4      | Reached skill level 5 in Armour
  3264 | D:4      | Reached XP level 7. HP: 60/62 MP: 6/6
  3353 | D:4      | Reached *** piety under Trog
  3414 | D:4      | Found a staircase to the Ecumenical Temple.
  3515 | D:4      | Found an ancient bone altar of Kikubaaqudgha.
  3807 | D:4      | Noticed Ijyb
  3825 | D:4      | Killed Ijyb
  4020 | D:5      | Entered Level 5 of the Dungeon
  4124 | D:5      | Reached skill level 8 in Axes
  4159 | D:5      | Found a glowing drain.
  4178 | Sewer    | Entered a sewer
  4616 | D:5      | Noticed Prince Ribbit
  4647 | D:5      | Killed Prince Ribbit
  4648 | D:5      | Reached skill level 9 in Axes
  4648 | D:5      | Reached XP level 8. HP: 47/71 MP: 7/7
  5667 | D:6      | Reached skill level 10 in Axes
  6125 | D:6      | Found a sacrificial altar of Ru.
  6193 | D:6      | Noticed Maggie
  6209 | D:6      | Killed Maggie
  6210 | D:6      | Reached XP level 9. HP: 81/81 MP: 8/8
  6264 | D:6      | Reached **** piety under Trog
  6688 | D:7      | Reached skill level 11 in Axes
  6960 | D:7      | Found a glowing silver altar of Zin.
  7008 | D:7      | Found an iron altar of Okawaru.
  7025 | D:7      | Reached skill level 1 in Shields
  7066 | D:7      | Paralysed by a hornet for 3 turns
  7344 | D:7      | Paralysed by a hornet for 3 turns
  7348 | D:7      | Reached skill level 12 in Axes
  7736 | D:7      | Reached XP level 10. HP: 84/91 MP: 9/9
  7993 | D:7      | Found an ornate altar of the Wu Jian Council.
  8124 | D:7      | Found a hazy altar of Hepliaklqana.
  9184 | D:8      | Reached skill level 13 in Axes
  9455 | D:8      | Found a hide-covered altar of Uskayaw.
  9483 | D:8      | Found a staircase to the Lair.
  9856 | D:9      | Reached skill level 5 in Shields
  9922 | D:9      | Reached ***** piety under Trog
 10215 | D:9      | Reached skill level 10 in Fighting
 10500 | D:9      | Found a broken altar of Ashenzari.
 10509 | D:9      | Found a white marble altar of Elyvilon.
 10627 | D:9      | Reached skill level 10 in Armour
 10661 | D:9      | Noticed a two-headed ogre
 10667 | D:9      | Killed a two-headed ogre
 10668 | D:9      | Reached skill level 14 in Axes
 10668 | D:9      | Reached XP level 11. HP: 101/101 MP: 10/10
 11083 | D:9      | You fall into a shaft and drop 2 floors!
 11106 | D:10     | Entered Level 10 of the Dungeon
 11496 | D:10     | Received a gift from Trog
 11599 | D:10     | Identified the +5 sling of Symmetry {flame, Stlth+}
 11605 | D:10     | Noticed a two-headed ogre
 11614 | D:10     | Killed a two-headed ogre
 11731 | D:10     | Identified the +2 sling "Coph" {flame, rF+ Dex+3}
 11830 | D:10     | Found a portal to a secret trove of treasure.
 12064 | D:10     | Found a snail-covered altar of Cheibriados.
 12365 | D:11     | Found a large runed translucent door.
 12365 | D:11     | Found a large runed translucent door.
 12596 | D:11     | Noticed Sonja
 12614 | D:11     | Noticed a centaur warrior
 12785 | D:11     | Reached skill level 15 in Axes
 13200 | D:11     | HP: 4/102 [Sonja/+0 short sword of distortion (20)]
 13200 | D:11     | HP: 1/102 [Sonja/+0 short sword of distortion (3)]
 13200 | D:11     | Slain by Sonja

Illustrated notes

Levels and vault maps discovered:
D:1:      evilmike_arrival_hilbert_curve, layout_basic,
          hellmonk_ecumenical_altar_watching_god
D:2:      layout_basic, uniq_natasha, uniq_sigmund
D:3:      layout_basic, mainiacjoe_overflow_brackets, grunt_qazlal_sundering,
          mainiacjoe_overflow_alcove_2
D:4:      old_forge, layout_basic, kennysheep_mini_moat,
          minmay_temple_entry_wispy, hangedman_decor_points, corner_web_ring,
          uniq_ijyb, uniq_edmund
D:5:      layout_basic, cheibrodos_sewer_entry_bend,
          corexii_item_surrounded_by_moat, uniq_prince_ribbit1
D:6:      layout_basic, nicolae_ru_awakened_eye, nicolae_water_bricks,
          chequers_garden, uniq_maggie
D:7:      minmay_evil_eye, layout_basic, mainiacjoe_overflow_24_doors,
          okawaru_humans, nicolae_hepliaklqana_hazy_memory, lemuel_tele_altar,
          nrook_mini_vaults, minmay_fractal_squares_5
D:8:      layout_loops_corners, mainiacjoe_overflow_six_doors_small,
          erik_lair_orcish_takeover
D:9:      nzn_winding_woodlands_three_and_one
          [nzn_winding_woodlands_5x15_garden,
          nzn_winding_woodlands_5x15_split_checker,
          nzn_winding_woodlands_5x15_pool, nzn_winding_woodlands_center_garden],
          layout_basic, mainiacjoe_overflow_swirl
D:10:     layout_loops_cross, slow_altar_2, enter_trove_2, special_room
          [special_room_orc]
D:11:     minmay_the_grid_triangle_9x9_rhombus_full
          [minmay_the_grid_triangle_9x9_fully_insulated_deathbox,
          minmay_the_grid_triangle_9x9_from_above,
          minmay_the_grid_triangle_9x9_intruding_spiral,
          minmay_the_grid_triangle_9x9_windchime,
          minmay_the_grid_triangle_9x9_skeleton,
          minmay_the_grid_triangle_9x9_semitri,
          minmay_the_grid_triangle_9x9_cache,
          minmay_the_grid_triangle_9x9_prize_schism], layout_irregular_city,
          lightli_elemental_guards, uniq_sonja

Skill      XL: |  1  2  3  4  5  6  7  8  9 10 11 |
---------------+----------------------------------+-----
Axes           | 4 5 6 7 9 10 12 14 15 | 15.1
Fighting       | 4 5 6 8 9 10 11 | 11.1
Armour         | 3 4 5 6 7 8 10 | 10.9
Shields        | 3 6 7 |  7.4
Dodging        | |  2.1

Action                   |  1- 3 |  4- 6 |  7- 9 | 10-12 || total
-------------------------+-------+-------+-------+-------++-------
Melee: Hand axe          |    43 |    79 |   232 |       ||   354
       Headbutt          |     6 |     8 |    54 |    57 ||   125
       Punch             |       |     2 |     4 |       ||     6
       War axe           |       |       |    96 |   289 ||   385
       Broad axe         |       |       |       |    73 ||    73
 Fire: Sling             |       |       |       |     2 ||     2
Throw: Javelin           |       |       |       |     2 ||     2
Invok: Berserk           |     1 |     2 |     3 |     2 ||     8
       Trog's Hand       |       |       |     3 |     3 ||     6
  Use: Scroll            |       |     5 |     9 |     6 ||    20
 Stab: Held in net/web   |       |       |     1 |       ||     1
Armor: Animal skin       |     5 |       |       |       ||     5
       Ring mail         |     2 |    28 |    16 |       ||    46
       Chain mail        |       |       |   159 |    64 ||   223
       Plate armour      |       |       |       |   164 ||   164
Dodge: Dodged            |    24 |    46 |    97 |   109 ||   276
Block: Buckler           |       |       |     7 |    52 ||    59
       Kite shield       |       |       |       |    55 ||    55
